cohdb
Replays
Latest Replays
All Replays
Popular Replays
Top Player Replays
Match Explorer
How It Works
Community
CoH3 Stats
Reddit
Sign in to upload your games and track your stats! →
Sign in with Steam
Match 42082938
Unlisted
Match 42082938
Overview
Messages
Build Orders
End
Construct Barracks
Engineer Squad
Riflemen Squad
Riflemen Squad
M1 Mortar Team
Riflemen Squad
Grenade Package
Infantry Support Center
Construct Motor Pool
Construct Medical Station
Engineer Squad
M1918 Browning Automatic Rifles
Selects Heavy Weapons
Selects Assault Carriers
Selects Exchangeable Parts
M1 Anti-tank Gun Team
Engineer Squad
Demolitions Package
Selects M26 Pershing Heavy Tank
M26 Pershing Heavy Tank
Invincible_Irish
Grand.G
0
0
Comments
sign in to comment!
No comments posted yet!